 Dungeon Crawl Stone Soup version 0.20.0-15-g7f486f2 (webtiles) character file.

2459 MikeHunt the Carver (level 9, 0/63 HPs)
             Began as a Mummy Abyssal Knight on June 10, 2017.
             Was a Believer of Lugonu.
             Slain by removed's ghost (5 damage)
             ... on level 7 of the Dungeon.
             The game lasted 00:26:48 (11314 turns).

MikeHunt the Carver (Mummy Abyssal Knight)         Turns: 11314, Time: 00:26:49

Health: 0/63       AC:  7    Str: 15    XL:     9   Next: 26%
Magic:  14/14      EV: 12    Int: 12    God:    Lugonu [**....]
Gold:   310        SH:  0    Dex: 14    Spells: 8/8 levels left

rFire    x . .     SeeInvis .   a - +1 falchion
rCold    + . .     Gourm    .   (no shield)
rNeg     + + +     Faith    .   n - +3 leather armour
rPois    ∞         Spirit   .   k - +0 helmet
rElec    .         Reflect  .   (no cloak)
rCorr    .         Harm     .   (no gloves)
MR       +....                  (no boots)
Stlth    +.........             v - amulet of magic regeneration
Regen    0.2/turn               h - ring of flight
MPRegen  0.3/turn               u - +1 ring of evasion

@: very slightly contaminated
A: no food or potions, fire vulnerability, cold resistance 1, negative energy
resistance 3, torment resistance, unbreathing
a: Depart the Abyss, Bend Space, Renounce Religion, Evoke Flight


You were on level 7 of the Dungeon.
You worshipped Lugonu.
Lugonu was pleased with you.
You were not hungry.

You visited 1 branch of the dungeon, and saw 7 of its levels.
You visited the Abyss 1 time.

You collected 310 gold pieces.

Inventory:

Hand Weapons
 a - a +1 falchion (weapon)
 b - a +0 hunting sling
 q - a +2 dagger of venom
Missiles
 c - 252 stones (quivered)
 d - 53 sling bullets
 l - 12 poisoned needles
 t - 15 tomahawks
Armour
 k - a +0 helmet (worn)
 n - a +3 leather armour (worn)
Jewellery
 h - a ring of flight (left hand)
 u - a +1 ring of evasion (right hand)
 v - an amulet of magic regeneration (around neck)
Scrolls
 e - a scroll of immolation
 f - 2 scrolls of amnesia
 g - a scroll of enchant armour
 r - 2 scrolls of fog
 w - a scroll of identify
Books
 s - a book of Conjurations

   Spells                             Type                      Level
   a - Magic Dart                     Conjuration                  1
   b - Searing Ray                    Conjuration                  2
   c - Dazzling Spray                 Conjuration/Hexes            3
   d - Fulminant Prism                Conjuration/Hexes            4
   e - Force Lance                    Conjuration/Translocation    4
   f - Iskenderun's Mystic Blast      Conjuration                  4


   Skills:
 - Level 3.1 Fighting
 - Level 8.2 Long Blades
 + Level 2.0 Slings
 - Level 1.7 Armour
 - Level 0.7 Dodging
 - Level 7.0 Invocations


You had 8 spell levels left.
You didn't know any spells.

Dungeon Overview and Level Annotations

Branches:
Dungeon (7/15)
 Temple: D:4-7

Altars:
Ashenzari
Fedhas
Hepliaklqana
Kikubaaqudgha
Nemelex Xobeh
Qazlal
Ru
Trog
Uskayaw
Xom

Annotations:
D:7 removed's ghost, novice SpNe
Abyss:1 Blork the orc, Duvessa, Ijyb


Innate Abilities, Weirdness & Mutations

You do not eat or drink.
Your flesh is vulnerable to fire.
You are immune to poison.
Your flesh is cold resistant. (rC+)
You are immune to negative energy. (rN+++)
You are immune to unholy pain and torment.
You can survive without breathing.


Message History

As you read the scroll of blinking, it crumbles to dust.
Removed's ghost hits you but does no damage.
Removed's ghost closely misses you. Removed's ghost completely misses you.
You riposte.
You hit removed's ghost but do no damage.
Removed's ghost says, "They lied to you.
The Dungeon just goes down and down forever."
Removed's ghost closely misses you.
Okay, then.
Unknown command.
Unknown command.
Space bends sharply around you!
The bullfrog croaks.
The bullfrog blinks!
You blink.
Removed's ghost hits you.
* * * LOW HITPOINT WARNING * * *
Removed's ghost hits you but does no damage.
Removed's ghost closely misses you.
Removed's ghost hits you but does no damage.
Removed's ghost screams, "You must not succeed where I failed!"
Removed's ghost hits you.
You die...

######## #...F.<#
#.###### #.#
########.####
#.@WF.......#
####.###########
########>......#
#......#.......#
#......#.......#
#..............#
....######.......#
...(######a......###
........(........>#


You could see a bullfrog, a worker ant (wandering) and removed's ghost.

Vanquished Creatures
  A black bear (D:6)
  2 phantoms
  An ogre (D:5)
  A necrophage (D:6)
  A centaur (D:7)
  4 bullfrogs
  4 scorpions
  Dowan (D:5)
  3 wights (D:6)
  A howler monkey (D:4)
  A centaur zombie (D:5)
  A bullfrog zombie (D:6)
  3 orc wizards
  An orc priest (D:6)
  2 hounds
  2 bullfrog skeletons
  Jessica (D:2)
  2 iguanas
  5 worker ants
  Robin (D:1)
  3 gnolls (D:2)
  12 adders
  A shadow imp (D:5)
  3 oozes
  3 worms
  2 dart slugs
  3 leopard geckos
  26 orcs
  3 giant cockroaches
  18 goblins
  18 hobgoblins
  10 kobolds
  5 quokkas
  3 ball pythons
  7 bats
  4 frilled lizards
  2 leopard gecko skeletons
  A leopard gecko zombie (D:6)
  5 rats
167 creatures vanquished.

Vanquished Creatures (others)
  A wizard (D:5)
  A hornet (D:5)
  A sky beast (D:6)
  An ogre (D:6)
  3 centaurs
  An orc wizard (D:3)
  A fungus (D:6)
9 creatures vanquished.

Grand Total: 176 creatures vanquished

Notes
Turn   | Place    | Note
-------+----------+-------------------------------------------
     0 | Abyss:1  | MikeHunt the Mummy Abyssal Knight began the quest for the Orb.
     0 | Abyss:1  | Reached XP level 1. HP: 18/18 MP: 2/2
    19 | D:1      | Escaped the Abyss
   355 | D:1      | Reached XP level 2. HP: 19/24 MP: 3/3
   461 | D:1      | Reached skill level 2 in Long Blades
   906 | D:1      | Reached XP level 3. HP: 29/29 MP: 4/4
  1066 | D:2      | Reached ** piety under Lugonu
  1071 | D:2      | Noticed Robin
  1322 | D:1      | Killed Robin
  1322 | D:1      | Reached skill level 3 in Long Blades
  1693 | D:2      | Reached XP level 4. HP: 33/35 MP: 5/5
  1707 | D:2      | Found a faded altar of an unknown god.
  1829 | D:2      | Noticed Jessica
  1843 | D:2      | Killed Jessica
  1895 | D:2      | Found a shattered altar of Ashenzari.
  2083 | D:2      | Reached skill level 4 in Long Blades
  2114 | D:2      | Reached XP level 5. HP: 24/41 MP: 6/6
  2895 | D:3      | Reached *** piety under Lugonu
  2946 | D:3      | Noticed Ijyb
  4052 | D:3      | Reached XP level 6. HP: 45/47 MP: 7/7
  5407 | D:4      | Reached XP level 7. HP: 43/52 MP: 10/10
  5900 | D:4      | Found a sacrificial altar of Ru.
  5964 | D:5      | Entered Level 5 of the Dungeon
  5986 | D:5      | Reached skill level 5 in Invocations
  6783 | D:3      | Banished Ijyb
  7010 | D:5      | Noticed a hornet
  7011 | D:5      | lol
  7011 | D:5      | Banished a hornet
  7035 | D:5      | Noticed Blork the orc
  7064 | D:5      | Banished Blork the orc
  7616 | D:5      | Noticed Dowan
  7645 | D:5      | Killed Dowan
  7645 | D:5      | Reached XP level 8. HP: 37/58 MP: 13/13
  7658 | D:5      | Noticed Duvessa
  7658 | D:5      | Banished Duvessa
  7658 | D:5      | Reached skill level 5 in Long Blades
  8024 | D:5      | Found a bloodstained altar of Trog.
  8454 | D:5      | Noticed a wizard
  8460 | D:5      | Killed a wizard
  8552 | D:6      | Reached skill level 6 in Long Blades
  9070 | D:6      | Found a hide-covered altar of Uskayaw.
  9271 | D:6      | Reached skill level 7 in Long Blades
  9795 | D:6      | Found a blossoming altar of Fedhas.
 10086 | D:6      | Reached XP level 9. HP: 52/63 MP: 14/14
 10537 | D:6      | Found a hazy altar of Hepliaklqana.
 10537 | D:6      | Found an ancient bone altar of Kikubaaqudgha.
 10554 | D:6      | Reached skill level 8 in Long Blades
 10672 | D:6      | Found a stormy altar of Qazlal.
 10674 | D:6      | Found a shimmering altar of Xom.
 10675 | D:6      | Found a sparkling altar of Nemelex Xobeh.
 11059 | D:6      | Reached skill level 1 in Slings
 11269 | D:7      | Noticed removed's ghost (novice SpNe)
 11305 | D:7      | HP: 3/63 [removed's ghost (3)]
 11314 | D:7      | Slain by removed's ghost

Skill      XL: |  1  2  3  4  5  6  7  8  9 |
---------------+----------------------------+-----
Long Blades    | 2 3 4 7 8 |  8.2
Invocations    | 2 4 7 |  7.0
Slings         | 2 |  2.0
Fighting       | |  3.1
Armour         | |  1.7
Dodging        | |  0.7

Action                   |  1- 3 |  4- 6 |  7- 9 || total
-------------------------+-------+-------+-------++-------
Melee: Falchion          |   125 |   255 |   336 ||   716
       Dagger            |       |       |    13 ||    13
 Fire: Hunting sling     |       |    79 |   116 ||   195
Throw: Stone             |     8 |    12 |     6 ||    26
Invok: Bend Space        |       |     1 |    11 ||    12
       Banish            |       |     2 |    12 ||    14
  Use: Scroll            |       |     3 |    10 ||    13
Armor: Leather armour    |    14 |       |    37 ||    51
       Ring mail         |    14 |       |       ||    14
       Animal skin       |    15 |    73 |    76 ||   164
Dodge: Dodged            |    65 |   135 |   205 ||   405
       Rpst.: Falchion   |    15 |    34 |    58 ||   107
